 Dungeon Crawl Stone Soup version 0.20.1-1-g8b1a95d (webtiles) character file.

58 parnic4 the Skirmisher (level 4, -3/49 HPs)
             Began as an Ogre Berserker on July 11, 2017.
             Was a Believer of Trog.
             Slain by Sigmund
             ... wielding a +0 scythe
              (5 damage)
             ... on level 2 of the Dungeon.
             The game lasted 00:21:46 (2283 turns).

parnic4 the Skirmisher (Ogre Berserker)             Turns: 2283, Time: 00:21:46

Health: -3/49      AC:  3    Str: 22    XL:     4   Next: 2%
Magic:  4/4        EV: 10    Int:  8    God:    Trog [**....]
Gold:   37         SH:  0    Dex:  8    Spells: 3/3 levels left

rFire    . . .     SeeInvis .   v - +0 mace
rCold    . . .     Gourm    .   (no shield)
rNeg     . . .     Faith    +   u - +0 robe
rPois    .         Spirit   .   (helmet restricted)
rElec    .         Reflect  .   (no cloak)
rCorr    .         Harm     .   (gloves unavailable)
MR       .....                  (boots unavailable)
Stlth    +.........             f - amulet of faith
Regen    0.2/turn               (no ring)
MPRegen  0.1/turn               (no ring)

@: no status effects
A: unfitting armour, tough skin 1
a: Berserk, Trog's Hand, Burn Spellbooks, Renounce Religion


You were on level 2 of the Dungeon.
You worshipped Trog.
Trog was pleased with you.
You were not hungry.

You visited 1 branch of the dungeon, and saw 2 of its levels.

You collected 37 gold pieces.

Inventory:

Hand Weapons
 a - a +0 hand axe
 c - a +0 club
 h - a +0 dagger of freezing
 i - a +0 short sword
 j - a +0 club
 l - a +0 club
 m - a +0 dagger
 p - a +0 short sword
 s - a +0 club
 v - a +0 mace (weapon)
 y - a +0 whip
Armour
 b - a +0 animal skin
 g - a +1 helmet
 o - a +2 centaur barding
 t - a +2 leather armour of cold resistance
 u - a +0 robe (worn)
 w - a +0 ring mail
 x - a +0 chain mail
Jewellery
 f - an amulet of faith (around neck)
Scrolls
 d - 4 scrolls of identify {unknown}
 n - a scroll of teleportation {unknown}
 q - a scroll of fog {unknown}
 C - a scroll of noise {unknown}
Potions
 e - 2 potions of curing
 A - a potion of ambrosia {unknown}
 B - a potion of berserk rage {unknown}
Comestibles
 k - a meat ration
 z - a bread ration
 D - 2 fruits


   Skills:
 + Level 4.7 Fighting
 + Level 2.6(2.7) Axes
 + Level 1.0(2.3) Maces & Flails
 + Level 0.2 Throwing
 + Level 3.1 Dodging
 + Level 0.1 Stealth


You had 3 spell levels left.
You didn't know any spells.

Dungeon Overview and Level Annotations

Branches:
Dungeon (2/15)

Altars:
Ashenzari

Annotations:
D:2 Sigmund


Innate Abilities, Weirdness & Mutations

You are too large for most types of armour.
You have tough skin. (AC +1)


Message History

The magic dart hits you! Sigmund barely misses you.
You barely miss Sigmund.
Sigmund is lightly wounded.
You hit Sigmund.
Sigmund is moderately wounded.
Sigmund hits you with a scythe.
You hit Sigmund.
Sigmund is heavily wounded.
Sigmund hits you with a scythe!
You sock Sigmund!
Sigmund is severely wounded.
Sigmund closely misses you.
You barely miss Sigmund.
Sigmund is severely wounded.
Sigmund hits you with a scythe!
* * * LOW HITPOINT WARNING * * *
You closely miss Sigmund.
Sigmund is severely wounded.
Sigmund hits you with a scythe.
You die...

########### #.........#
#.........# #........,*
#......,,,* ########
*#.#.#***** ####......#
#.%.# ..##......# #.@##
#.#.......# ###.@#
#.........###....#######
##....).......##...#...##
.####.######............#*
...##.#####..#...........*
.#.......................*
#####.###.####...........*
##....#...# ##........:#*


You could see Sigmund.

Vanquished Creatures
  2 oozes
  2 worms (D:2)
  A leopard gecko (D:1)
  5 bats
  A giant cockroach (D:1)
  7 goblins
  5 hobgoblins
  10 kobolds
  3 frilled lizards (D:1)
  5 rats
41 creatures vanquished.

Notes
Turn   | Place    | Note
-------+----------+-------------------------------------------
     0 | D:1      | parnic4 the Ogre Berserker began the quest for the Orb.
     0 | D:1      | Reached XP level 1. HP: 24/24 MP: 1/1
   155 | D:1      | Reached XP level 2. HP: 14/32 MP: 2/2
   679 | D:1      | Reached ** piety under Trog
   856 | D:1      | Reached XP level 3. HP: 34/39 MP: 3/3
  1842 | D:2      | Found a shattered altar of Ashenzari.
  2069 | D:2      | Reached skill level 1 in Maces & Flails
  2115 | D:2      | Reached XP level 4. HP: 33/49 MP: 4/4
  2266 | D:2      | Noticed Sigmund
  2282 | D:2      | HP: 2/49 [Sigmund/scythe (15)]
  2283 | D:2      | Slain by Sigmund

Skill      XL: |  1  2  3 |
---------------+----------+-----
Dodging        | 3 |  3.1
Maces & Flails | 1 |  1.0
Fighting       | |  4.7
Axes           | |  2.6
Throwing       | |  0.2
Stealth        | |  0.1

Action                   |  1- 3 |  4- 6 || total
-------------------------+-------+-------++-------
Melee: Club              |    81 |       ||    81
       Hand axe          |    10 |       ||    10
       Mace              |    44 |    10 ||    54
Throw: Stone             |     4 |       ||     4
  Use: Scroll            |     2 |       ||     2
       Potion            |     1 |       ||     1
  Eat: Bread ration      |     1 |       ||     1
       Chunk             |     1 |       ||     1
Armor: Animal skin       |    31 |       ||    31
       Robe              |    13 |       ||    13
Dodge: Dodged            |    85 |     2 ||    87
